 Dungeon Crawl Stone Soup version 0.28.0-53-g5a82cb258f (webtiles) character file.

Game seed: 7399844539081489844

65 jiml777 the Magician (level 3, 0/19 HPs)
             Began as a Deep Elf Air Elementalist on June 15, 2022.
             Was a Follower of Zin.
             Slain by Sigmund
             ... wielding a +0 scythe
              (6 damage)
             ... on level 2 of the Dungeon.
             The game lasted 00:12:57 (2582 turns).

jiml777 the Magician (Deep Elf Air Elementalist)    Turns: 2582, Time: 00:12:57

Health: 0/19       AC:  6    Str:  5    XL:     3   Next: 94%
Magic:  0/10       EV: 13    Int: 21    God:    Zin [*.....]
Gold:   33         SH:  0    Dex: 15    Spells: 9/10 levels left

rFire   . . .      SeeInvis .   d - +0 short sword
rCold   . . .      Faith    .   (no shield)
rNeg    + . .      Spirit   .   l - +2 robe {rN+}
rPois   .          Reflect  .   (no helmet)
rElec   .          Harm     .   (no cloak)
rCorr   .          Rampage  .   k - +1 pair of gloves
Will    .....                   (no boots)
Stlth   ++........              (no amulet)
HPRegen 0.06/turn               (no ring)
MPRegen 0.12/turn               (no ring)

@: very slightly contaminated
A: no striking features
a: Renounce Religion, Recite, Donate Gold


You were on level 2 of the Dungeon.
You worshipped Zin.
Zin was aware of your devotion.
You visited 1 branch of the dungeon, and saw 2 of its levels.

You collected 36 gold pieces.
You donated 3 gold pieces to Zin.

Inventory:

Hand Weapons
 c - a +0 spear
 d - a +0 short sword (weapon)
Missiles
 b - 50 stones
 j - 26 sling bullets
Armour
 a - a +0 robe
 k - a +1 pair of gloves (worn)
 l - a +2 robe of positive energy (worn)
Scrolls
 h - a scroll of magic mapping
 i - a scroll of identify


   Skills:
 + Level 2.7 Dodging
 + Level 2.9 Stealth
 + Level 4.4 Spellcasting
 + Level 1.4 Conjurations
 + Level 3.6 Air Magic


You had 9 spell levels left.
You knew the following spells:

 Your Spells              Type           Power      Damage    Failure   Level
a - Shock                 Conj/Air       60%        1d6       4%          1

Your spell library contained the following spells:

 Spells                   Type           Power      Damage    Failure   Level
 Static Discharge         Conj/Air       15%        N/A       6%          2
 Swiftness                Air            20%        N/A       8%          3
 Airstrike                Air            10%        N/A       26%         4


Dungeon Overview and Level Annotations

Branches:
Dungeon (2/15)

Altars:
Zin

Annotations:
D:2 Sigmund


Message History

You feel better. The hound closely misses you. Something barely misses you.
Casting: Shock (safe; 4% risk of failure)
Confirm with . or Enter, or press ? or * to list all spells.
Aiming: Shock (safe; 4% risk of failure)
Press: ? - help, Shift-Dir - straight line, f/p - hound
Aim: a hound (severely wounded, 60% to hit)
The zap hits the hound.
The hound is almost dead.
The hound bites you but does no damage. The hound bites you.
Casting: Shock (safe; 4% risk of failure)
Confirm with . or Enter, or press ? or * to list all spells.
Aiming: Shock (safe; 4% risk of failure)
Press: ? - help, Shift-Dir - straight line, p - hound You miscast Shock.
You are very lightly contaminated with residual magic.
Nothing appears to happen.
Something hits you but does no damage. The hound bites you.
Casting: Shock (safe; 4% risk of failure)
Confirm with . or Enter, or press ? or * to list all spells.
Aiming: Shock (safe; 4% risk of failure)
Press: ? - help, Shift-Dir - straight line The zap misses the hound.
The hound closely misses you. Something hits you!
* * * LOW HITPOINT WARNING * * *
The hound completely misses you.
You feel better. The hound misses you.
Casting: Shock (safe; 4% risk of failure)
Confirm with . or Enter, or press ? or * to list all spells.
Aiming: Shock (safe; 4% risk of failure)
Press: ? - help, Shift-Dir - straight line The zap hits the hound.
The hound is almost dead.
The hound barely misses you. Something hits you. The hound misses you.
Casting: Shock (safe; 4% risk of failure)
Confirm with . or Enter, or press ? or * to list all spells.
Aiming: Shock (safe; 4% risk of failure)
Press: ? - help, Shift-Dir - straight line The zap hits the hound.
The hound is almost dead.
The hound bites you. Something hits you.
You die...

..)..............................
.####.....#######......##...###..
.,#######.###############........
>,...................## #.#.###.#
.,############.#####..# #........
.,* #.## ##.#####.###.# .,* #.{#
#..# #.# #.# .,* ####h### ##.#
##.###.. ,,* ###....@.##
#.###....... ,,*
##.........###..##..###.. ,,*
##...........###÷##..# #.. ,,*
#............# #.##..###.. ,,*
##...#####....# #.##....... ***
#....#....♣...# #..#..###..
#....#.♣.#....# ##.#..# #..
#...♣....#....# #....# #..
#....#####...### ##...###..


You could see a hound.

Vanquished Creatures
  An adder (D:2)
  A dart slug (D:1)
  5 endoplasms
  2 giant cockroaches
  6 hobgoblins
  9 jackals (D:2)
  3 quokkas
  3 ball pythons
  5 bats
  3 frilled lizards
  2 goblins
  4 kobolds
  4 rats
48 creatures vanquished.

Notes
Turn   | Place    | Note
-------+----------+-------------------------------------------
     0 | D:1      | jiml777 the Deep Elf Air Elementalist began the quest for
                  | the Orb.
     0 | D:1      | Reached XP level 1. HP: 10/10 MP: 6/6
   323 | D:1      | Found a faded altar of an unknown god.
   326 | D:1      | Prayed at the altar of an unknown god.
   326 | D:1      | Became a worshipper of Zin the Law-Giver
   326 | D:1      | Reached * piety under Zin
   441 | D:1      | Reached XP level 2. HP: 15/15 MP: 6/8
  1580 | D:2      | Reached XP level 3. HP: 18/19 MP: 5/10
  1951 | D:2      | Reached skill level 4 in Spellcasting
  2550 | D:2      | Noticed Sigmund
  2582 | D:2      | Slain by Sigmund

Illustrated notes

Levels and vault maps discovered:
D:1:      evilmike_arrival_rings, layout_basic,
          hellmonk_ecumenical_altar_heavens_door
D:2:      layout_basic, kennysheep_potato, uniq_sigmund

Skill      XL: |  1  2  3 |
---------------+----------+-----
Spellcasting   | 4 |  4.4
Dodging        | |  2.7
Stealth        | |  2.9
Conjurations   | |  1.4
Air Magic      | |  3.6

Action                   || total
-------------------------++-------
Melee: Short sword       ||     5
 Cast: Shock             ||    94
  Use: Scroll            ||     6
       Potion            ||     2
Armor: Robe              ||     7
Dodge: Dodged            ||    32
